AoeStats
← KingRiles

Arena

510433562Analyzed
3v3 RM · 15h ago on Oct 1, 2026· 71m 31s· 6 players
Game mode
Random Map
Map size
Normal (6 player)
Population
200
Speed
Normal
Resources
Standard
Victory
Conquest
Starting age
Dark Age
Ending age
Imperial Age
RankedLock teamsTeams togetherTeam positionsShared explorationLock speedFull tech treeHidden civsTurbo modeCheats
Victory
Defeat
🇨🇭 Bohemians · Switzerland
1171
+10
🇨🇦 Varangians · Canada
1040
+16
🇫🇷 Malians · France
950
+19
🇺🇸 Georgians · United States
1107
-18
🇺🇸 Britons · United States
1041
-15
🇺🇸 Bengalis · United States
948
-12
Dyragor
11:34 Feudal Age
12:43 Loom
16:01 Castle Age
14:08 Double-Bit Axe
14:05 Horse Collar
17:21 Bow Saw
19:37 Fervor
20:30 Wheelbarrow
20:05 Heavy Plow
22:16 Pikeman
23:40 Squires
25:38 Hand Cart
25:22 Town Watch
30:32 Imperial Age
28:01 Arson
31:34 Sanctity
32:31 Chemistry
31:52 Ballistics
30:58 Halberdier
31:42 Scale Mail Armor
31:52 Forging
32:59 Two-Man Saw
32:37 Conscription
32:48 Chain Mail Armor
33:01 Houfnice
34:22 Masonry
34:28 Siege Engineers
35:05 Caravan
36:56 Elite Hussite Wagon
45:01 Plate Mail Armor
45:07 Iron Casting
47:14 Elite Skirmisher
47:59 Padded Archer Armor
47:50 Fletching
49:00 Blast Furnace
53:36 Bodkin Arrow
53:56 Leather Archer Armor
59:45 Bracer
60:15 Ring Archer Armor
sebas4fr
3:21 Loom
10:49 Feudal Age
15:12 Castle Age
14:00 Double-Bit Axe
13:57 Horse Collar
15:32 Wheelbarrow
17:23 Hand Cart
21:20 Bow Saw
21:57 Town Watch
25:10 Gold Mining
25:10 Stone Mining
26:44 Forging
26:34 Scale Mail Armor
26:42 Scale Barding Armor
30:09 Imperial Age
28:06 Gambesons
28:22 Squires
28:07 Arson
29:15 Heavy Plow
30:45 Iron Casting
30:25 Chain Mail Armor
31:18 Conscription
32:08 Crop Rotation
33:28 Plate Mail Armor
33:58 Blast Furnace
33:14 Elite Varangian Guard
35:47 Two-Man Saw
34:27 Pikeman
35:45 Chain Barding Armor
35:45 Halberdier
36:39 Masonry
36:35 Siege Engineers
37:40 Plate Barding Armor
36:56 Fletching
37:32 Stone Mining
38:12 Bloodlines
38:02 Husbandry
37:23 Cavalier
39:23 Architecture
38:35 Treadmill Crane
39:16 Ballistics
39:57 Chemistry
39:09 Fortified Wall
39:56 Stone Shaft Mining
40:17 Vendel Legacy
42:50 Bodkin Arrow
42:18 Gothikon
43:31 Guilds
42:55 Capped Ram
44:20 Siege Ram
67:24 Bracer
chazychaz
11:00 Feudal Age
14:38 Castle Age
12:45 Horse Collar
13:10 Double-Bit Axe
17:36 Bow Saw
19:19 Wheelbarrow
20:13 Heavy Plow
21:36 Hand Cart
23:08 Stone Mining
23:56 Gold Mining
24:57 Stone Shaft Mining
25:45 Town Watch
26:39 Gold Shaft Mining
28:24 Treadmill Crane
32:01 Imperial Age
29:19 Loom
30:20 Scale Mail Armor
30:12 Fletching
30:33 Forging
31:03 Squires
30:50 Arson
31:38 Chain Mail Armor
31:47 Caravan
32:19 Ballistics
31:56 Murder Holes
32:12 Masonry
32:45 Coinage
32:12 Bodkin Arrow
32:24 Scale Barding Armor
32:57 Iron Casting
33:35 Husbandry
33:41 Town Patrol
33:46 Farimba
34:07 Conscription
34:49 Plate Mail Armor
34:40 Chain Barding Armor
35:28 Chemistry
34:59 Architecture
35:06 Guilds
35:31 Crop Rotation
34:48 Cavalier
36:15 Bloodlines
35:28 Light Cavalry
36:45 Padded Archer Armor
36:32 Elite Gbeto
38:02 Elite Skirmisher
39:29 Thumb Ring
39:14 Heavy Camel Rider
40:34 Herbal Medicine
41:20 Plate Barding Armor
43:11 Leather Archer Armor
44:23 Ring Archer Armor
44:55 Hoardings
43:51 Sappers
43:57 Sappers
49:04 Coinage
51:22 Banking
50:47 Pikeman
66:25 Tigui
70:44 Spies/Treason
KingRiles
5:13 Loom
11:58 Feudal Age
16:27 Castle Age
14:54 Horse Collar
15:25 Stone Mining
15:42 Double-Bit Axe
27:27 Wheelbarrow
26:37 Town Watch
28:23 Fletching
31:01 Hand Cart
34:51 Imperial Age
34:01 Paiks
34:35 Bow Saw
34:31 Bodkin Arrow
34:37 Padded Archer Armor
35:22 Heavy Plow
35:55 Ballistics
36:36 Chemistry
35:41 Gold Mining
35:21 Elite Elephant Archer
36:33 Conscription
36:47 Bracer
37:03 Leather Archer Armor
37:27 Gold Shaft Mining
37:49 Siege Engineers
39:48 Light Cavalry
40:45 Bloodlines
40:35 Husbandry
40:59 Town Patrol
42:15 Crossbowman
43:40 Forging
43:30 Scale Mail Armor
44:02 Ring Archer Armor
47:46 Onager
57:05 Two-Man Saw
56:09 Caravan
56:20 Guilds
Shadow 00 Fox
11:47 Feudal Age
15:49 Castle Age
14:09 Fletching
14:09 Horse Collar
14:16 Double-Bit Axe
15:23 Fletching
17:07 Bow Saw
17:02 Town Watch
17:03 Loom
18:28 Wheelbarrow
18:11 Bodkin Arrow
19:19 Padded Archer Armor
23:20 Stone Mining
23:38 Gold Mining
27:14 Heavy Plow
28:55 Yeomen
33:32 Imperial Age
32:40 Hand Cart
32:27 Town Patrol
33:03 Leather Archer Armor
32:54 Treadmill Crane
34:20 Ballistics
35:30 Chemistry
35:35 Gold Shaft Mining
35:31 Elite Longbowman
36:32 Conscription
37:20 Bracer
37:52 Ring Archer Armor
37:35 Masonry
37:37 Squires
37:29 Arson
37:30 Gambesons
37:05 Man-at-Arms
43:59 Scale Barding Armor
44:04 Forging
44:16 Light Cavalry
44:57 Husbandry
44:20 Cavalier
45:22 Chain Barding Armor
54:51 Iron Casting
54:52 Plate Barding Armor
62:21 Blast Furnace
abouttogettwisty
10:48 Feudal Age
14:32 Castle Age
12:46 Double-Bit Axe
12:47 Horse Collar
15:52 Bow Saw
20:56 Wheelbarrow
23:14 Heavy Plow
24:31 Hand Cart
25:18 Stone Mining
25:20 Gold Mining
27:35 Stone Shaft Mining
27:38 Loom
28:53 Town Watch
29:13 Fletching
29:28 Caravan
32:20 Imperial Age
29:57 Svan Towers
30:01 Bodkin Arrow
30:32 Ballistics
30:03 Guard Tower
31:14 Masonry
33:04 Bracer
33:42 Keep
34:56 Architecture
35:09 Crop Rotation
35:40 Arrowslits
36:56 Chemistry
36:37 Guilds
36:48 Fortified Wall
37:21 Siege Engineers
37:41 Conscription
37:59 Hoardings
44:05 Coinage
44:53 Fortified Wall
44:24 Treadmill Crane
45:47 Banking
47:04 Scale Barding Armor
47:28 Forging
47:24 Aznauri Cavalry
48:27 Chain Barding Armor
48:17 Husbandry
48:27 Bloodlines
47:37 Light Cavalry
50:00 Iron Casting
49:02 Hussar
51:20 Plate Barding Armor
52:41 Blast Furnace
Connection lost

Rejoining the realm…

Still unreachable

The connection could not be restored.

Session expired

The server has moved on; the page needs a fresh start.